 Dungeon Crawl Stone Soup version 0.18.1-6-gd335043 (webtiles) character file.

4361 Musica the Grappler (level 10, -1/96 HPs)
             Began as a Troll Monk on May 20, 2016.
             Was a Priest of Qazlal.
             Slain by a balrug
             ... wielding a +2 demon whip of draining
              (25 damage)
             ... on level 2 of the Abyss.
             The game lasted 00:32:25 (7294 turns).

Musica the Grappler (Troll Monk)                    Turns: 7294, Time: 00:32:26

Health: -1/96      AC: 11    Str: 17    XL:     10   Next: 12%
Magic:  0/11       EV: 13    Int:  6    God:    Qazlal [***...]
Gold:   570        SH:  4    Dex: 15    Spells: 1 memorised, 7 levels left

rFire  . . .     SeeInvis .       - Unarmed
rCold  . . .     Gourm    +     x - +1 robe {Archmagi}
rNeg   . . .     Faith    .     (no shield)
rPois  .         Spirit   +     (helmet restricted)
rElec  .         Dismiss  .     u - +1 cloak
rCorr  .         Reflect  .     (gloves unavailable)
SustAt .         Harm     .     (boots unavailable)
MR     .....     Rnd*Tele +     j - amulet of guardian spirit
Stlth  +.........               (no ring)
                                (no ring)

@: drained, not resistant to hostile enchantments, very unstealthy
A: unfitting armour, antennae 1, claws 3, iridescent scales 1, deformed body,
fast metabolism 3, gourmand, regeneration 3, shaggy fur 1, teleportitis 1, tough
skin 2, weak 2, subdued magic 2, MP-powered wands
a: Upheaval, Elemental Force, Renounce Religion


You were on level 2 of the Abyss.
You worshipped Qazlal.
Qazlal was most pleased with you.
You were not hungry.

You visited 2 branches of the dungeon, and saw 10 of its levels.
You visited the Abyss 1 time.

You collected 570 gold pieces.

Inventory:

Hand Weapons
 D - the +6 Majin-Bo {vamp, Archmagi MP+6 Int+6}
   (You found it on level 7 of the Dungeon)

   It inflicts no extra harm, but heals its wielder somewhat when it strikes a
   living foe.
   It affects your intelligence (+6).
   It affects your magic capacity (+6).
Missiles
 c - 10 tomahawks (quivered)
 g - 4 curare-tipped needles
 v - 4 javelins of returning
 I - 14 poisoned needles
Armour
 u - a +1 cloak (worn)
 x - a +1 robe of the Archmagi (worn)
 K - a +1 robe of magic resistance
Jewellery
 j - an amulet of guardian spirit (around neck)
 w - an uncursed ring of protection from magic
 A - an uncursed amulet of rage
Wands
 k - a wand of digging (7/24)
 t - a wand of polymorph (6/24)
 y - a wand of teleportation (9/9)
 E - a wand of iceblast (13/15)
 J - a wand of random effects (23/48)
Scrolls
 a - a scroll of random uselessness
 e - 7 scrolls of remove curse
 r - 7 scrolls of identify
 B - a scroll of enchant weapon
 F - a scroll of enchant armour
Potions
 d - 2 potions of magic
 i - 2 potions of flight
 p - 4 potions of curing
 q - a potion of cure mutation
Books
 z - a book of Alchemy

   Spells                             Type                      Level
   a - Sublimation of Blood           Necromancy                   2
   b - Ignite Poison                  Fire/Transmutation/Poison    3
   c - Petrify                        Transmutation/Earth          4
   d - Alistair's Intoxication        Transmutation/Poison         5
   e - Irradiate                      Conjuration/Transmutation    5
 G - a book of Air

   Spells                             Type                      Level
   a - Shock                          Conjuration/Air              1
   b - Swiftness                      Charms/Air                   2
   c - Repel Missiles                 Charms/Air                   2
   d - Static Discharge               Conjuration/Air              3
   e - Lightning Bolt                 Conjuration/Air              5
 H - a book of Summonings

   Spells                             Type                      Level
   a - Recall                         Summoning/Translocation      3
   b - Aura of Abjuration             Summoning                    5
   c - Summon Demon                   Summoning                    5
   d - Summon Forest                  Summoning/Translocation      5
   e - Summon Mana Viper              Hexes/Summoning              5
   f - Shadow Creatures               Summoning                    6
Comestibles
 b - 9 bread rations
 m - a beef jerky
 n - 5 fruits
 s - 3 meat rations


   Skills:
 + Level 5.5(5.3) Fighting
 + Level 6.0(5.7) Throwing
 + Level 7.0(6.8) Dodging
 - Level 2.1(1.8) Stealth
 + Level 8.1(7.8) Unarmed Combat
 + Level 0.3(0.1) Spellcasting
 + Level 0.3(0.0) Charms
 * Level 3.5(3.2) Invocations


You had 7 spell levels left.
You knew the following spells:

 Your Spells              Type           Power        Failure   Level  Hunger
a - Repel Missiles        Chrm/Air       #.....       69%         2    ###....


Dungeon Overview and Level Annotations

Branches:
Dungeon (9/15)             Temple (1/1) D:4
   Lair: D:8-11         Orc: D:9-12

Altars:
Ashenzari
Cheibriados
Dithmenos
Elyvilon
Fedhas
Gozag
Kikubaaqudgha
Makhleb
Nemelex Xobeh
Okawaru
Pakellas
Qazlal
Sif Muna
Xom
Yredelemnul
Zin
The Shining One

Annotations:
D:8 Gottschkopf's ghost, novice DECj


Innate Abilities, Weirdness & Mutations

You are too large for most types of armour.
You have claws for hands.
Your metabolism is lightning-fast.
You like to eat raw meat.
You regenerate.
You are covered in fur (AC +1).
You have very tough skin (AC +2).
You have a pair of small antennae on your head.
You are partially covered in iridescent scales (AC +4).
You are occasionally teleported next to monsters.
[Armour fits poorly on your strangely shaped body.]
[You are very weak. (Str -4)]
[Your spells are easier to cast, but less powerful.]
[You expend magic power (3 MP) to strengthen your wands.]


Message History

The ynoxinul hits you!
You scratch the ynoxinul.
The ynoxinul is heavily wounded.
The ynoxinul misses you.
You claw the ynoxinul!
The ynoxinul is severely wounded.
The ynoxinul closely misses you.
A balrug comes into view.
It is wielding a demon whip of draining.
The balrug shouts!
You claw the ynoxinul!
You kill the ynoxinul!
Qazlal accepts your kill. The balrug misses you.
The balrug hits you with a demon whip of draining.
You are engulfed in flames!!
You feel drained.
You barely miss the balrug.
The balrug hits you with a demon whip of draining!!
* * * LOW HITPOINT WARNING * * *
You are engulfed in flames!!
You die...

#### . ....
#.##... ...#..
. #.#... #..
#.#.#.. #...
.....#.####..#
#......@2#
#####.###..#
##..###.#
##.#...##.#
#....#...##
##....#...#
#.##.#.# .
###....# ...
#. ....#.#...


You could see a balrug.

Vanquished Creatures
  The ghost of Sithun the Covert, a novice OpMo (D:6)
  Psyche (D:8)
  Prince Ribbit (D:7)
  Grinder (D:4)
  Sigmund (D:3)
  Grum (D:8)
  A spriggan (D:8)
  2 ynoxinuls (Abyss:2)
  A water moccasin (D:7)
  An ice beast (D:8)
  2 sky beasts
  2 black bears (D:6)
  A phantom (D:5)
  2 wolves (D:8)
  An ogre (D:8)
  3 centaurs
  The ghost of Sithun the Shooter, an amateur HEHu (D:3)
  2 giant frogs
  2 howler monkeys
  A crimson imp (D:5)
  A giant frog zombie (D:5)
  6 orc wizards
  3 hounds
  Crazy Yiuf (D:6)
  5 orc priests
  2 giant frog skeletons (D:7)
  Natasha (thrice) (D:2)
  Terence (D:3)
  3 worker ants
  A hound zombie (D:7)
  2 hound skeletons (D:5)
  Robin (D:4)
  9 gnolls
  10 adders
  2 howler monkey skeletons
  4 shadow imps
  3 oozes (D:2)
  3 adder skeletons
  2 adder zombies
  3 worms
  3 dart slugs
  4 giant geckos
  31 orcs
  A giant cockroach (D:3)
  16 goblins
  10 hobgoblins
  16 jackals
  5 quokkas
  9 bats
  A giant cockroach zombie (D:5)
  8 giant newts
  A jackal zombie (D:5)
  11 kobolds
  A quokka zombie (D:5)
  7 rats
217 creatures vanquished.

Vanquished Creatures (others)
  4 starspawn tentacles (Abyss:2)
  37 starspawn tentacle segments (Abyss:2)
41 creatures vanquished.

Grand Total: 258 creatures vanquished

Notes
Turn   | Place    | Note
--------------------------------------------------------------
     0 | D:1      | Musica the Troll Monk began the quest for the Orb.
     0 | D:1      | Reached XP level 1. HP: 22/22 MP: 0/0
   217 | D:1      | Reached XP level 2. HP: 29/29 MP: 1/1
   613 | D:1      | Reached XP level 3. HP: 32/36 MP: 2/2
   933 | D:2      | Noticed Natasha
   944 | D:2      | Killed Natasha
  1002 | D:2      | Noticed Natasha
  1013 | D:2      | Killed Natasha
  1013 | D:2      | Reached XP level 4. HP: 26/45 MP: 3/3
  1148 | D:2      | Noticed Natasha
  1155 | D:2      | Killed Natasha
  1374 | D:2      | Reached XP level 5. HP: 51/53 MP: 4/4
  1811 | D:3      | Noticed Sithun's ghost (amateur HEHu)
  1820 | D:3      | Killed Sithun's ghost
  1820 | D:3      | Reached skill level 5 in Unarmed Combat
  1965 | D:4      | Reached XP level 6. HP: 46/61 MP: 5/5
  1966 | D:4      | Found a staircase to the Ecumenical Temple.
  2006 | D:4      | Reached skill level 1 in Throwing
  2037 | D:4      | Noticed Robin
  2069 | D:4      | Gained mutation: Your magical capacity is low (-10% MP). [potion of mutation]
  2069 | D:4      | Gained mutation: You regenerate. [potion of mutation]
  2069 | D:4      | Gained mutation: Your muscles are strong. (Str +2) [potion of mutation]
  2072 | D:4      | Lost mutation: Your muscles are strong. (Str +2) [potion of cure mutation]
  2072 | D:4      | Lost mutation: Your magical capacity is low (-10% MP). [potion of cure mutation]
  2072 | D:4      | Lost mutation: You regenerate. [potion of cure mutation]
  2076 | D:4      | Killed Robin
  2129 | D:4      | Found a glowing silver altar of Zin.
  2129 | D:4      | Found an opulent altar of Gozag.
  2194 | D:4      | Noticed Grinder
  2205 | D:4      | Paralysed by Grinder for 6 turns
  2220 | D:3      | Noticed Terence
  2232 | D:3      | Killed Terence
  2502 | D:3      | Noticed Sigmund
  2512 | D:3      | Killed Sigmund
  2512 | D:3      | Reached XP level 7. HP: 59/68 MP: 6/6
  2738 | D:4      | Paralysed by Grinder for 4 turns
  2757 | D:4      | Killed Grinder
  2757 | D:4      | Reached skill level 5 in Dodging
  2847 | D:5      | Entered Level 5 of the Dungeon
  3136 | D:4      | Gained mutation: Your muscles are strong. (Str +2) [potion of mutation]
  3136 | D:4      | Gained mutation: Your body sometimes deteriorates upon taking damage. [potion of mutation]
  3136 | D:4      | Gained mutation: You have a pair of small antennae on your head. [potion of mutation]
  3697 | D:4      | Found an oddly glowing altar of Pakellas.
  3783 | D:4      | Reached XP level 8. HP: 79/79 MP: 7/7
  4097 | D:5      | Reached skill level 6 in Unarmed Combat
  4840 | Temple   | Entered the Ecumenical Temple
  5033 | Temple   | Became a worshipper of Qazlal Stormbringer
  5033 | Temple   | Reached * piety under Qazlal
  5033 | Temple   | Reached ** piety under Qazlal
  5167 | D:6      | Noticed Sithun's ghost (novice OpMo)
  5178 | D:6      | Killed Sithun's ghost
  5178 | D:6      | Reached XP level 9. HP: 87/87 MP: 8/8
  5252 | D:6      | Lost mutation: Your body sometimes deteriorates upon taking damage. [potion of cure mutation]
  5252 | D:6      | Lost mutation: Your muscles are strong. (Str +2) [potion of cure mutation]
  5253 | D:6      | Gained mutation: You are occasionally teleported next to monsters. [mutagenic meat]
  5254 | D:6      | Gained mutation: You regenerate. [mutagenic meat]
  5255 | D:6      | Gained mutation: You are partially covered in iridescent scales (AC +4). [mutagenic meat]
  5278 | D:6      | Reached skill level 5 in Throwing
  5406 | D:6      | Reached skill level 1 in Invocations
  5662 | D:7      | Reached skill level 7 in Unarmed Combat
  5677 | D:6      | Found a sparkling altar of Nemelex Xobeh.
  5756 | D:6      | Noticed Crazy Yiuf
  5765 | D:6      | Killed Crazy Yiuf
  6150 | D:7      | Found a basalt altar of Yredelemnul.
  6210 | D:7      | Noticed Prince Ribbit
  6223 | D:7      | Killed Prince Ribbit
  6223 | D:7      | Reached skill level 5 in Fighting
  6288 | D:7      | Learned a level 2 spell: Repel Missiles
  6422 | D:7      | Found a white marble altar of Elyvilon.
  6598 | D:8      | Reached *** piety under Qazlal
  6703 | D:8      | Found an iron altar of Okawaru.
  6703 | D:8      | Found a deep blue altar of Sif Muna.
  6819 | D:8      | Noticed Grum
  6837 | D:8      | Killed Grum
  6916 | D:8      | Noticed Psyche
  6922 | D:8      | Killed Psyche
  6922 | D:8      | Reached XP level 10. HP: 89/96 MP: 11/11
  7026 | D:8      | Found a blossoming altar of Fedhas.
  7040 | D:8      | Reached skill level 8 in Unarmed Combat
  7064 | D:8      | Noticed Gottschkopf's ghost (novice DECj)
  7087 | D:8      | Cast into level 2 of the Abyss (Gottschkopf's ghost)
  7091 | Abyss:2  | Found a corrupted altar of Lugonu.
  7097 | Abyss:2  | Found a corrupted altar of Lugonu.
  7126 | Abyss:2  | Found a corrupted altar of Lugonu.
  7145 | Abyss:2  | Noticed a starcursed mass
  7151 | Abyss:2  | Noticed a tentacled starspawn
  7179 | Abyss:2  | Noticed a starcursed mass
  7195 | Abyss:2  | Noticed a wretched star
  7222 | Abyss:2  | Noticed a tentacled starspawn
  7233 | Abyss:2  | Noticed a thrashing horror
  7291 | Abyss:2  | Noticed a balrug
  7294 | Abyss:2  | Slain by a balrug

Skill      XL: |  1  2  3  4  5  6  7  8  9 10 |
---------------+-------------------------------+-----
Fighting       | 3 4 5 |  5.5
Dodging        | 3 4 5 6 7 |  7.0
Unarmed Combat | 5 6 7 8 |  8.1
Throwing       | 1 2 4 6 |  6.0
Stealth        | 2 |  2.1
Invocations    | 3 |  3.5
Spellcasting   | |  0.3
Charms         | |  0.3

Action                   |  1- 3 |  4- 6 |  7- 9 | 10-12 || total
-------------------------+-------+-------+-------+-------++-------
Melee: Unarmed           |    70 |   164 |   264 |    23 ||   521
       Punch             |       |     5 |     9 |     1 ||    15
Throw: Tomahawk          |     1 |    30 |    92 |     2 ||   125
       Javelin           |       |     7 |       |       ||     7
 Cast: Repel Missiles    |       |       |     1 |       ||     1
Evoke: Wand              |       |       |       |     2 ||     2
  Use: Scroll            |       |     7 |       |     8 ||    15
       Potion            |       |     6 |     7 |       ||    13
 Stab: Sleeping          |     2 |     2 |       |       ||     4
  Eat: Chunk             |    13 |    16 |    42 |       ||    71
Armor: Robe              |    19 |    69 |    75 |     9 ||   172
       Skin              |       |    11 |       |       ||    11
Dodge: Dodged            |    27 |   111 |   124 |    14 ||   276
       Deflected         |       |       |     1 |     1 ||     2
Block: Other             |       |       |    17 |    10 ||    27
